 Dungeon Crawl Stone Soup version 0.28.0 (webtiles) character file.

Game seed: 11140204405882304769

74 Ratty the Skirmisher (level 4, 0/37 HPs)
             Began as a Demonspawn Abyssal Knight on Feb 15, 2022.
             Was a Follower of Lugonu.
             Slain by a sky beast (6 damage)
             ... on level 3 of the Dungeon.
             The game lasted 00:22:53 (1897 turns).

Ratty the Skirmisher (Demonspawn Abyssal Knight)    Turns: 1897, Time: 00:22:54

Health: 0/37       AC:  3    Str: 15    XL:     4   Next: 10%
Magic:  5/5        EV: 11    Int: 12    God:    Lugonu [*.....]
Gold:   69         SH:  0    Dex: 13    Spells: 3/3 levels left

rFire   . . .      SeeInvis .   j - +2 whip (drain)
rCold   . . .      Faith    .   (no shield)
rNeg    . . .      Spirit   .   b - +0 leather armour
rPois   .          Reflect  .   (no helmet)
rElec   .          Harm     .   (no cloak)
rCorr   .          Rampage  .   (no gloves)
Will    .....                   (no boots)
Stlth   +.........              (no amulet)
HPRegen 0.12/turn               (no ring)
MPRegen 0.18/turn               (no ring)

@: no status effects
A: magic regeneration, weakness stinger 1
a: Renounce Religion, Depart the Abyss


You were on level 3 of the Dungeon.
You worshipped Lugonu.
Lugonu was aware of your devotion.
You visited 1 branch of the dungeon, and saw 3 of its levels.
You visited the Abyss 1 time.

You collected 83 gold pieces.
You spent 14 gold pieces at shops.

Inventory:

Hand Weapons
 a - a +1 mace
 c - a +0 mace
 j - a +2 whip of draining (weapon)
Missiles
 e - 35 stones
 m - 5 javelins (quivered)
Armour
 b - a +0 leather armour (worn)
 d - a +0 chain mail
 f - a +0 robe
 h - a +0 leather armour
Potions
 g - a potion of cancellation
 i - a potion of ambrosia {unknown}
 k - a potion of flight {unknown}
 l - a potion of attraction


   Skills:
 + Level 4.0 Fighting
 + Level 2.4 Maces & Flails
 + Level 2.2 Armour
 + Level 1.2 Dodging
 + Level 0.2 Stealth
 + Level 2.5 Invocations


You had 3 spell levels left.
You didn't know any spells.
Your spell library contained the following spells:

 Spells                   Type           Power      Damage    Failure   Level
 Borgnjor's Revivificati  Necr           0%         N/A       100%        8
 Necromutation            Tmut/Necr      0%         N/A       100%        8
 Death's Door             Necr           0%         N/A       100%        9


Dungeon Overview and Level Annotations

Branches:
Dungeon (3/15)

Altars:
Lugonu

Shops:
D:1 [(


Innate Abilities, Weirdness & Mutations

You regenerate magic rapidly.
You have a small tail.


Message History

Reactivating autopickup.
The goblin barely misses you. The goblin hits you but does no damage.
The rat barely misses you. The rat bites you but does no damage.
Hit: j) +2 whip (drain)
Press: ? - help, Dir - move target, f - rat
Aim: a rat (about 37% to evade your +2 whip of draining)
You barely miss the rat.
You tail-slap the rat, but do no damage.
You punch the rat.
You kill the rat!
Lugonu accepts your kill.
Hit: j) +2 whip (drain)
Press: ? - help, Dir - move target, f - goblin
Aim: a goblin, wielding a +0 club (about 44% to evade your +2 whip of draining)
You whack the goblin!
You kill the goblin!
Lugonu accepts your kill.
Hit: j) +2 whip (drain)
Press: ? - help, Dir - move target, f - orc
Aim: an orc, wielding a +0 hand axe and wearing a +0 leather armour (about 37% to evade your +2 whip of draining)
You hit the orc.
The orc is heavily wounded.
The orc closely misses you.
Hit: j) +2 whip (drain)
Press: ? - help, Dir - move target, f/p - orc
Aim: an orc, wielding a +0 hand axe and wearing a +0 leather armour (heavily wounded, about 37% to evade your +2 whip of draining)
You hit the orc.
You kill the orc!
Lugonu accepts your kill.
The sky beast flickers out of sight!
Deactivating autopickup; reactivate with Ctrl-A.
Something hits you but does no damage.
Hit: j) +2 whip (drain)
Press: ? - help, Dir - move target You closely miss something.
Something hits you.
* * * LOW HITPOINT WARNING * * *
Something shocks you.
You die...

#.......#
#o#
###..#.#...
#.#
.......#...#
######.#
#.##.###...#
#..go.Y#
#.#........#
#.###### .
#.(###.#.#
#.).#
###........#
###.#
#...####.###
#.# #...#
#@# #.w.#
........#
#...#
#########
..?.# #...#
###.# #.#
#.# ###.#


There were no monsters in sight!

Vanquished Creatures
  A hound (D:2)
  2 worms (D:2)
  A dart slug (D:1)
  An orc (D:3)
  2 ball pythons (D:1)
  4 bats
  2 endoplasms
  2 giant cockroaches (D:1)
  3 goblins
  5 hobgoblins
  4 kobolds
  2 quokkas
  A frilled lizard (D:1)
  3 rats
33 creatures vanquished.

Notes
Turn   | Place    | Note
-------+----------+-------------------------------------------
     0 | Abyss:1  | Ratty the Demonspawn Abyssal Knight began the quest for the
                  | Orb.
     0 | Abyss:1  | Reached XP level 1. HP: 18/18 MP: 2/2
    50 | D:1      | Escaped the Abyss
   161 | D:1      | Found Ziedghev's Antique Armour Shoppe.
   224 | D:1      | Found Xovaqac's Antique Weapon Boutique.
   252 | D:1      | Gained mutation: You regenerate magic rapidly. [demonic
                  | ancestry]
   252 | D:1      | Reached XP level 2. HP: 19/24 MP: 3/3
   398 | D:1      | Reached * piety under Lugonu
   484 | D:1      | Found Nosotwawk's Armour Emporium.
   607 | D:1      | Found a faded altar of an unknown god.
   614 | D:1      | Prayed at the altar of an unknown god.
   842 | D:1      | Bought a robe for 14 gold pieces
  1057 | D:2      | Reached skill level 1 in Dodging
  1159 | D:2      | Discovered your monstrous ancestry.
  1159 | D:2      | Gained mutation: You have a small tail. [demonic ancestry]
  1159 | D:2      | Reached XP level 3. HP: 30/30 MP: 4/4
  1786 | D:3      | Noticed a sky beast
  1842 | D:3      | Reached XP level 4. HP: 6/37 MP: 5/5
  1860 | D:3      | Reached skill level 4 in Fighting
  1897 | D:3      | Slain by a sky beast

Illustrated notes

Levels and vault maps discovered:
D:1:      grunt_arrival_lava_bath, layout_loops_ring, serial_shops,
          nicolae_shop_hallway_stairs, shop_fountains,
          nicolae_shop_window_shopping, shapermc_ecumenical_altar_mp_highgroup
D:2:      layout_loops_corners, uniq_crazy_yiuf_cottage
D:3:      layout_basic

Skill      XL: |  1  2  3  4 |
---------------+-------------+-----
Maces & Flails | 2 |  2.4
Armour         | 2 |  2.2
Dodging        | 1 |  1.2
Fighting       | 4 |  4.0
Stealth        | |  0.2
Invocations    | |  2.5

Action                   |  1- 3 |  4- 6 || total
-------------------------+-------+-------++-------
Melee: Mace              |    23 |       ||    23
       Whip              |    53 |    12 ||    65
       Tailslap          |     3 |     1 ||     4
       Punch             |       |     1 ||     1
Invok: Depart the Abyss  |     1 |       ||     1
  Use: Scroll            |     6 |       ||     6
Armor: Leather armour    |    37 |    14 ||    51
Dodge: Dodged            |    68 |    14 ||    82
